 Dungeon Crawl Stone Soup version 0.31-a0-996-g3b49de5836 (webtiles) character file.

Game seed: 14566779794125328427

40 Nedwor the Chopper (level 3, -5/31 HPs)
             Began as a Minotaur Gladiator on Nov 7, 2023.
             Slain by Sigmund
             ... wielding a +0 scythe
              (10 damage)
             ... on level 2 of the Dungeon.
             The game lasted 00:00:56 (1151 turns).

Nedwor the Chopper (Minotaur Gladiator)             Turns: 1151, Time: 00:00:57

Health: -5/31      AC:  3    Str: 20    XL:     3   Next: 30%
Magic:  2/2        EV: 12    Int:  5    God:
Gold:   45         SH:  0    Dex: 11    Spells: 2/2 levels left

rFire   . . .        a - +0 war axe
rCold   . . .        (no shield)
rNeg    . . .        b - +0 leather armour
rPois   .            c - +0 hat
rElec   .            (no cloak)
rCorr   .            (no gloves)
SInv    .            (no boots)
Will    .....        (no amulet)
Stlth   +            (no ring)
HPRegen 0.25/turn    (no ring)
MPRegen 0.08/turn

%: no passive effects
@: no status effects
A: horns 2, retaliatory headbutt
a: no special abilities


You were on level 2 of the Dungeon.
You visited 1 branch of the dungeon, and saw 2 of its levels.

You collected 45 gold pieces.

Inventory:

Hand Weapons
 a - a +0 war axe (weapon)
Missiles
 d - 3 throwing nets (quivered)
 e - a javelin
Armour
 b - a +0 leather armour (worn)
 c - a +0 hat (worn)
Jewellery
 k - a ring of magical power
Scrolls
 g - a scroll of amnesia {unknown}
 j - a scroll of teleportation {unknown}
 l - a scroll of identify {unknown}
Potions
 f - a potion of curing {unknown}
 h - a potion of heal wounds {unknown}
 i - 2 potions of resistance {unknown}


   Skills:
 + Level 3.0 Fighting
 * Level 4.6 Axes
 - Level 2.0 Throwing
 + Level 3.7 Dodging


You had 2 spell levels left.
You didn't know any spells.
Your spell library was empty.

Dungeon Overview and Level Annotations

Branches:
Dungeon (2/15)

Altars:

Annotations:
D:2 Sigmund


Innate Abilities, Weirdness & Mutations

You have a pair of horns on your head.
You reflexively headbutt those who attack you in melee.


Message History

No target in view!
No target in view!
Found a rapier.
Sigmund the Dreaded comes into view.
He is wielding a +0 scythe and wearing a +1 robe of positive energy.
Sigmund shouts!
Sigmund is nearby!
Sigmund points at you and mumbles some strange words.
You are confused.
You are too confused!
You are too confused!
You are too confused!
You are too confused!
You are too confused!
You bump into the rock wall.
Sigmund barely misses you.
You bump into the rock wall.
Sigmund closely misses you.
Unknown command.
You're too confused to move!
You bump into the rock wall.
Sigmund closely misses you.
You feel less confused.
You hit Sigmund but do no damage. Sigmund hits you with a +0 scythe!
You closely miss Sigmund. Your headbutt misses Sigmund.
Sigmund closely misses you.
You hit Sigmund but do no damage. Sigmund gestures at you while chanting.
The magic dart hits you!
You closely miss Sigmund. Sigmund barely misses you.
You closely miss Sigmund. Sigmund hits you with a +0 scythe!
* * * LOW HITPOINT WARNING * * *
You slash Sigmund!
Sigmund is moderately wounded.
Sigmund closely misses you.
You hit Sigmund.
Sigmund is heavily wounded.
Sigmund gestures wildly while chanting.
Sigmund flickers and vanishes!
Deactivating autopickup; reactivate with Ctrl-A.
You slash something! Something hits you.
* * * LOW HITPOINT WARNING * * *
You closely miss something. Your headbutt misses something. Something hits you!
You die...

###)# #.######
...# #.......
#..# #..#####
#..# #.......
#..# #.####..
#..#########.#
##.
#............# #.
####..#.#########
## +....@#.#
#####{#.#
#.@...#.#
#.#####.# ... #..
#.. ####


There were no monsters in sight!

Vanquished Creatures
  A dart slug (D:1)
  3 bats (D:1)
  4 endoplasms
  3 goblins (D:1)
  2 hobgoblins (D:2)
  4 jackals (D:1)
  4 kobolds
  A quokka (D:1)
  7 ball pythons
  4 frilled lizards
  A rat (D:1)
34 creatures vanquished.

Notes
Turn   | Place    | Note
-------+----------+-------------------------------------------
     0 | D:1      | Nedwor the Minotaur Gladiator began the quest for the Orb.
     0 | D:1      | Reached XP level 1. HP: 18/18 MP: 0/0
   190 | D:1      | Reached skill level 4 in Axes
   190 | D:1      | Reached XP level 2. HP: 23/25 MP: 1/1
   387 | D:1      | Reached XP level 3. HP: 30/30 MP: 2/2
  1133 | D:2      | Noticed Sigmund
  1151 | D:2      | Slain by Sigmund

Illustrated notes

Levels and vault maps discovered:
D:1:      dpeg_arrival_court, layout_basic, minmay_misc_feat_tower,
          chequers_mini_garden
D:2:      layout_basic, hellmonk_ecumenical_altar_inner_sanctum, uniq_sigmund

Skill      XL: |  1  2  3 |
---------------+----------+-----
Axes           | 4 |  4.6
Fighting       | 3 |  3.0
Throwing       | |  2.0
Dodging        | |  3.7

Action                     || total
---------------------------++-------
  Melee: War axe           ||    65
         Headbutt          ||     8
 Armour: Leather armour    ||    40
  Dodge: Dodged            ||    50

Table legend: (Time is in decaauts)
 A = Elapsed time spent in this place.
 B = Non-inter-level travel time spent in this place.
 C = Inter-level travel time spent in this place.
 D = Time resting spent in this place.
 E = Time spent auto-exploring this place.
 F = Levels seen in this place.
 G = Mean time per level.
                   A        B        C        D        E       F      G
               +--------+--------+--------+--------+--------+-----+--------+
         Total |   1169 |   1143 |     26 |      0 |    956 |   2 |  584.5 |
       Dungeon |   1169 |   1143 |     26 |      0 |    956 |   2 |  584.5 |
               +--------+--------+--------+--------+--------+-----+--------+

Top non-repeatable levels by time:
     D:1: 811 daAuts
     D:2: 357 daAuts
